 Dungeon Crawl Stone Soup version 0.21-a0-39-g28ea6b7 (console) character file.

198 nht the Cutter (level 6, -2/41 HPs)
             Began as a Halfling Fighter on May 31, 2017.
             Killed by divine providence
             ... invoked by an orc priest
              (11 damage)
             ... on level 3 of the Dungeon.
             The game lasted 00:04:26 (2838 turns).

nht the Cutter (Halfling Fighter)                   Turns: 2838, Time: 00:04:26

Health: -2/41      AC:  6    Str: 17    XL:     6   Next: 5%
Magic:  6/6        EV: 11    Int:  6    God:
Gold:   60         SH:  6    Dex: 16    Spells: 5/5 levels left

rFire    . . .     SeeInvis .   t - +0 dagger (protect)
rCold    . . .     Gourm    .   j - +0 buckler
rNeg     . . .     Faith    .   b - +0 scale mail
rPois    .         Spirit   .   (no helmet)
rElec    .         Reflect  .   (no cloak)
rCorr    .         Harm     .   (no gloves)
MR       .....                  (no boots)
Stlth    ..........             (no amulet)
Regen    0.2/turn               (no ring)
MPRegen  0.1/turn               (no ring)

@: no status effects
A: mutation resistance 1
a: no special abilities


You were on level 3 of the Dungeon.
You were not hungry.

You visited 1 branch of the dungeon, and saw 3 of its levels.

You collected 60 gold pieces.

Inventory:

Hand Weapons
 a - a +0 rapier
 r - a +0 blowgun
 t - a +0 dagger of protection (weapon)
Missiles
 l - 5 curare-tipped needles
 q - 19 poisoned needles
Armour
 b - a +0 scale mail (worn)
 c - a +0 shield
 j - a +0 buckler (worn)
 k - a +1 shield of cold resistance
Scrolls
 e - a scroll of magic mapping
 m - a scroll of identify
 o - a scroll of blinking
Comestibles
 f - 4 bread rations
 i - 2 meat rations
 n - 2 fruits
 p - a royal jelly
 s - 7 chunks of flesh


   Skills:
 - Level 2.6 Fighting
 + Level 7.0 Short Blades
 - Level 3.2 Armour
 - Level 3.2 Shields


You had 5 spell levels left.
You didn't know any spells.

Dungeon Overview and Level Annotations

Branches:
Dungeon (3/15)

Altars:
Cheibriados
Xom


Innate Abilities, Weirdness & Mutations

You are small and have problems with some larger weapons.
You are somewhat resistant to further mutation.


Message History

The bat misses you.
The orc priest begins to cast a cantrip, but forgets the words!
The bat closely misses you. The bat hits you but does no damage.
The orc priest invokes the aid of Beogh against you.
Beogh smites you! The bat completely misses you. The bat misses you.
You block the bat's attack.
You see here a scroll labeled WEW JEUMEK.
As you read the scroll labeled WEW JEUMEK, it crumbles to dust.
The scroll dissolves into smoke.
It was a scroll of fog.
The orc shouts!
The bat hits you but does no damage. The bat closely misses you.
The orc priest mumbles some strange prayers to Beogh against you.
Beogh smites you!
* * * LOW HITPOINT WARNING * * *
The bat barely misses you.
The orc priest mumbles some strange prayers to Beogh against you.
Beogh smites you!
You die...

...............█
...............█
...............█+████
......o.....█........
██..........█........
█.....o.....█........
████.......o...█b.......
.............o§§@.......
............o.§§§.?.....
........)....§§§§§.██████
█.....███...............█
██.....█ ███[............█
.....))███..†............█
......█..................█
....(.█..................█
......█..................█


You could see an orc priest, 2 orcs and a bat.

Vanquished Creatures
  An orc priest (D:3)
  An orc wizard (D:3)
  3 gnolls (D:2)
  4 adders
  6 worms (D:2)
  2 dart slugs
  3 leopard geckos
  2 orcs (D:3)
  3 giant cockroaches
  4 goblins
  4 hobgoblins
  A quokka (D:2)
  3 bats
  6 frilled lizards
  12 kobolds
  6 rats
61 creatures vanquished.

Notes
Turn   | Place    | Note
-------+----------+-------------------------------------------
     0 | D:1      | nht the Halfling Fighter began the quest for the Orb.
     0 | D:1      | Reached XP level 1. HP: 15/15 MP: 1/1
    49 | D:1      | Reached skill level 3 in Short Blades
   231 | D:1      | Reached XP level 2. HP: 20/20 MP: 2/2
   955 | D:1      | Reached XP level 3. HP: 21/25 MP: 3/3
   970 | D:1      | Reached skill level 4 in Short Blades
  1209 | D:2      | Found a snail-covered altar of Cheibriados.
  1803 | D:2      | Reached skill level 5 in Short Blades
  1803 | D:2      | Reached XP level 4. HP: 23/30 MP: 4/4
  2215 | D:2      | Reached XP level 5. HP: 30/35 MP: 5/5
  2286 | D:2      | Reached skill level 6 in Short Blades
  2610 | D:3      | Found a shimmering altar of Xom.
  2796 | D:3      | Reached skill level 7 in Short Blades
  2796 | D:3      | Reached XP level 6. HP: 29/41 MP: 6/6
  2838 | D:3      | Killed from afar by an orc priest

Vault maps used:
D:1:      minmay_arrival_wavy_path
D:2:      lemuel_doored_altar
D:3:      lemuel_crystal_altar, first_bread, kennysheep_generic_room_3

Skill      XL: |  1  2  3  4  5 |
---------------+----------------+-----
Short Blades   | 3 5 7 |  7.0
Fighting       | |  2.6
Armour         | |  3.2
Shields        | |  3.2

Action                   |  1- 3 |  4- 6 || total
-------------------------+-------+-------++-------
Melee: Rapier            |   124 |    70 ||   194
       Dagger            |       |   111 ||   111
  Use: Scroll            |     6 |     6 ||    12
       Potion            |       |     7 ||     7
  Eat: Chunk             |     3 |     3 ||     6
Armor: Scale mail        |    25 |    61 ||    86
Dodge: Dodged            |    50 |    69 ||   119
Block: Buckler           |    18 |    42 ||    60
       Shield            |     1 |       ||     1
